 Dungeon Crawl Stone Soup version 0.28.0 (webtiles) character file.

Game seed: 17605820675819476588

1771 mkm the Magician (level 9, 0/49 HPs)
             Began as a Gargoyle Fire Elementalist on Feb 12, 2022.
             Slain by a centaur (2 damage)
             ... on level 8 of the Dungeon.
             The game lasted 00:22:33 (7342 turns).

mkm the Magician (Gargoyle Fire Elementalist)       Turns: 7342, Time: 00:22:33

Health: 0/49       AC: 12    Str: 13    XL:     9   Next: 7%
Magic:  4/18       EV: 12    Int: 19    God:
Gold:   234        SH:  0    Dex: 10    Spells: 13/20 levels left

rFire   . . .      SeeInvis .   s - +3 whip
rCold   . . .      Faith    .   (no shield)
rNeg    + . .      Spirit   .   a - +0 robe
rPois   ∞          Reflect  .   (no helmet)
rElec   +          Harm     .   t - +0 cloak
rCorr   .          Rampage  .   A - +0 pair of gloves
Will    .....                   l - +1 pair of boots
Stlth   ++........              (no amulet)
HPRegen 0.16/turn               (no ring)
MPRegen 0.16/turn               (no ring)

@: very slightly contaminated
A: sickness immunity, AC +6, negative energy resistance 1, electricity
resistance, torment resistance 1, petrification resistance
a: no special abilities


You were on level 8 of the Dungeon.
You visited 2 branches of the dungeon, and saw 9 of its levels.

You collected 234 gold pieces.

Inventory:

Hand Weapons
 s - a +3 whip (weapon)
Armour
 a - a +0 robe (worn)
 l - a +1 pair of boots (worn)
 t - a +0 cloak (worn)
 y - the +0 robe of Honesty {Harm rF+++ rC- Stlth-}
   (You found it on level 5 of the Dungeon)

   rF:        It renders you almost immune to fire.
   rC:        It makes you vulnerable to cold.
   Harm:      It increases damage dealt and taken.
   Stlth:     It makes you less stealthy.
 A - a +0 pair of gloves (worn)
Jewellery
 k - a ring of fire
Wands
 p - a wand of iceblast (8)
Scrolls
 c - a scroll of fog {unknown}
 d - a scroll of magic mapping {unknown}
 f - a scroll of immolation {unknown}
 i - a scroll of noise {unknown}
 j - 2 scrolls of blinking {unknown}
 u - a scroll of holy word {unknown}
 v - a scroll of fear {unknown}
 x - a scroll of silence {unknown}
 z - a scroll of identify
Potions
 b - a potion of haste {unknown}
 e - 3 potions of curing
 g - a potion of invisibility
 h - a potion of mutation {unknown}
 m - a potion of lignification {unknown}
 n - 3 potions of degeneration {unknown}
 o - a potion of resistance {unknown}
 q - a potion of flight {unknown}
 r - 3 potions of attraction {unknown}
 w - a potion of brilliance {unknown}
 B - 2 potions of might {unknown}


   Skills:
 + Level 2.7 Fighting
 + Level 2.4 Maces & Flails
 + Level 2.5 Armour
 + Level 2.7 Dodging
 - Level 2.1 Stealth
 + Level 6.1 Spellcasting
 + Level 5.8 Conjurations
 + Level 6.1 Fire Magic


You had 13 spell levels left.
You knew the following spells:

 Your Spells              Type           Power      Damage    Failure   Level
a - Foxfire               Conj/Fire      100%       2x1d9     1%          1
b - Scorch                Fire           58%        2d8       1%          2
c - Flame Wave            Conj/Fire      28%        2d8       10%         4

Your spell library contained the following spells:

 Spells                   Type           Power      Damage    Failure   Level
 Conjure Flame            Conj/Fire      28%        6-21      2%          3
 Inner Flame              Hex/Fire       17%        N/A       10%         3
 Frozen Ramparts          Ice            10%        1d3       32%         3
 Dragon Form              Tmut           2%         N/A       100%        7
 Statue Form              Tmut/Erth      Unusable   N/A       N/A         6

Dungeon Overview and Level Annotations

Branches:
Dungeon (8/15)             Temple (1/1) D:5
   Lair: D:8-11

Altars:
Cheibriados
Dithmenos
Elyvilon
Fedhas
Gozag
Hepliaklqana
Kikubaaqudgha
Makhleb
Qazlal
Ru
Sif Muna
Trog
Uskayaw
Wu Jian
Yredelemnul
Zin
The Shining One

Shops:
D:5 *?[

Annotations:
D:5 Sigmund


Innate Abilities, Weirdness & Mutations

You are immune to sickness and miasma.
Your stone body is resilient. (AC +6)
You are immune to poison.
You resist negative energy. (rN+)
You are resistant to electric shocks. (rElec)
You are resistant to unholy torment.
You are immune to petrification.


Message History

Flames lash the hornet.
The hornet is lightly wounded.
The hornet's fire resistance burns away.
The hornet misses you. The bullfrog barely misses you.
The hornet barely misses you. The bullfrog closely misses you.
Casting: Scorch (safe; 1% risk of failure)
Confirm with . or Enter, or press ? or * to list all spells.
Flames lash the hornet.
The hornet is burned terribly!
The hornet is moderately wounded.
The hornet stings you!
* * * LOW HITPOINT WARNING * * *
The bullfrog closely misses you.
Casting: Scorch (safe; 1% risk of failure)
Confirm with . or Enter, or press ? or * to list all spells.
Flames lash the hornet.
The hornet is moderately wounded.
The hornet stings you but does no damage.
The centaur unwields a +0 shortbow.
The centaur barely misses you. x2
The bullfrog hits you.
* * * LOW HITPOINT WARNING * * *
The hornet stings you!
* * * LOW HITPOINT WARNING * * *
The bullfrog misses you. The centaur barely misses you.
The centaur closely misses you.
Casting: Scorch (safe; 1% risk of failure)
Confirm with . or Enter, or press ? or * to list all spells.
You miscast Scorch.
You are very lightly contaminated with residual magic.
Nothing appears to happen.
The hornet stings you.
* * * LOW HITPOINT WARNING * * *
The bullfrog misses you. The centaur barely misses you.
The centaur closely misses you.
Casting: Scorch (safe; 1% risk of failure)
Confirm with . or Enter, or press ? or * to list all spells.
Flames lash the hornet.
The hornet is burned terribly!
The hornet is severely wounded.
The hornet stings you but does no damage.
The bullfrog hits you but does no damage.
The centaur hits you.
You die...

#........#####....#
#..........§.'....#
#....##..v§§§#....#
#....##..##..#....#
#....##..##..#....#
......+..#...#(...# ..
#....##..#...#....# ....#
#....##.)#...#..yc# ....+
#....##.)##.##..@.#######....##
.....##.)##.#....F............#
......#.....#.................#
#....##)....#.................#
#....##.|...#.................#
#....###'##'#.................
#....##..##.###+######....####
#....'....#..........#....#
+....#....#..........#....#


You could see a hornet (combustible), a bullfrog (combustible) and a centaur.

Vanquished Creatures
  2 water moccasins
  A black bear (D:7)
  4 ogres
  A necrophage (D:6)
  2 kobold brigands
  A scorpion (D:4)
  A gnoll sergeant (D:5)
  2 water moccasin skeletons
  A howler monkey (D:8)
  A bullfrog zombie (D:6)
  3 hounds
  A centaur zombie (D:8)
  Crazy Yiuf (D:3)
  An orc priest (D:3)
  A bullfrog skeleton (D:6)
  A jelly (D:7)
  An iguana (D:4)
  2 orc wizards (D:3)
  A hound skeleton (D:5)
  8 adders
  11 gnolls
  2 howler monkey skeletons
  A white imp (D:3)
  An adder skeleton (D:5)
  3 dart slugs
  12 orcs
  6 endoplasms
  3 giant cockroaches
  5 hobgoblins
  3 jackals (D:3)
  18 kobolds
  3 quokkas
  4 ball pythons
  8 bats
  5 frilled lizards
  6 goblins
  A goblin skeleton (D:3)
  A goblin zombie (D:3)
  2 hobgoblin zombies (D:3)
  A jackal skeleton (D:3)
  A kobold skeleton (D:3)
  An orc skeleton (D:3)
  3 orc zombies (D:3)
  6 rats
143 creatures vanquished.

Vanquished Creatures (others)
  421 foxfires
421 creatures vanquished.

Grand Total: 564 creatures vanquished

Notes
Turn   | Place    | Note
-------+----------+-------------------------------------------
     0 | D:1      | mkm the Gargoyle Fire Elementalist began the quest for the
                  | Orb.
     0 | D:1      | Reached XP level 1. HP: 10/10 MP: 3/3
    67 | D:1      | Reached XP level 2. HP: 7/15 MP: 0/5
   506 | D:1      | Learned a level 2 spell: Scorch
   744 | D:1      | Reached XP level 3. HP: 19/19 MP: 1/7
  1157 | D:2      | Found a faded altar of an unknown god.
  1192 | D:2      | Got the Incunabulum of the Unstable Snowflakes
  1413 | D:2      | Noticed an ogre
  1419 | D:2      | Killed an ogre
  1420 | D:2      | Reached XP level 4. HP: 24/24 MP: 1/9
  1420 | D:2      | Reached XP level 5. HP: 28/28 MP: 1/10
  1938 | D:3      | Noticed an ogre
  1952 | D:3      | Killed an ogre
  1954 | D:3      | Reached XP level 6. HP: 32/32 MP: 1/12
  2670 | D:3      | Found a glowing golden altar of the Shining One.
  3086 | D:3      | Found a runed translucent door.
  3087 | D:3      | Noticed Crazy Yiuf
  3617 | D:3      | Killed Crazy Yiuf
  3702 | D:4      | Reached XP level 7. HP: 35/36 MP: 3/14
  3835 | D:4      | Reached skill level 5 in Spellcasting
  4012 | D:4      | Reached skill level 5 in Fire Magic
  4643 | D:5      | Entered Level 5 of the Dungeon
  4662 | D:5      | Found Farhuom's Armour Emporium.
  4765 | D:5      | Reached skill level 5 in Conjurations
  5003 | D:5      | Reached XP level 8. HP: 41/41 MP: 12/16
  5042 | D:5      | Found Heliw's Assorted Antiques.
  5116 | D:5      | Found a staircase to the Ecumenical Temple.
  5129 | Temple   | Entered the Ecumenical Temple
  5641 | D:5      | Noticed Sigmund
  5727 | D:5      | Identified the +0 robe of Honesty {Harm rF+++ rC- Stlth-}
  5826 | D:5      | Found Gerecw's Magic Scroll Emporium.
  6198 | D:6      | Reached skill level 1 in Fighting
  6249 | D:6      | Reached skill level 1 in Armour
  6294 | D:6      | Learned a level 4 spell: Flame Wave
  6315 | D:6      | Reached skill level 1 in Maces & Flails
  6720 | D:7      | Noticed a hornet
  7162 | D:8      | Reached XP level 9. HP: 45/49 MP: 9/18
  7341 | D:8      | HP: 1/49 [hornet (2)]
  7342 | D:8      | Slain by a centaur

Illustrated notes

Levels and vault maps discovered:
D:1:      lightli_arrival_quake, layout_rooms
D:2:      layout_loops_ring, shapermc_ecumenical_altar_starsandcircs,
          serial_glass, glass_columns_a, glass_columns_b
D:3:      kennysheep_big_flooded_room, layout_basic,
          nicolae_tso_besieged_by_evil, corexii_leaking_fountain,
          uniq_crazy_yiuf_cottage
D:4:      layout_rooms
D:5:      layout_basic, minmay_temple_entry_ruins, serial_shops, shop, shop,
          shop_statue, grunt_ministairs_9, st_stairs_2, uniq_sigmund
D:6:      layout_cave_pods, minmay_manual_mandibuliform
D:7:      layout_loops_cross, amethyst_overflow_temple_binary,
          minmay_misc_feat_secret_circle, water_maze_lemuel
D:8:      layout_gridville
Temple:   nicolae_temple_elliptical

Skill      XL: |  1  2  3  4  5  6  7  8 |
---------------+-------------------------+-----
Conjurations   | 2 3 5 |  5.8
Spellcasting   | 3 4 5 6 |  6.1
Fire Magic     | 4 5 6 |  6.1
Fighting       | 2 |  2.7
Armour         | 2 |  2.5
Maces & Flails | 2 |  2.4
Dodging        | 2 |  2.7
Stealth        | |  2.1

Action                   |  1- 3 |  4- 6 |  7- 9 || total
-------------------------+-------+-------+-------++-------
Melee: Short sword       |    14 |     1 |       ||    15
       Whip              |       |       |     2 ||     2
 Cast: Foxfire           |    54 |    58 |   132 ||   244
       Scorch            |     8 |    29 |    35 ||    72
  Use: Scroll            |       |       |     6 ||     6
Armor: Robe              |    12 |    17 |    25 ||    54
Dodge: Dodged            |    24 |    32 |    57 ||   113
